 Dungeon Crawl Stone Soup version 0.26-a0-317-ge2f3d4a7ca (webtiles) character file.

Game seed: 13550571041374830864

32 BritishOli the Skirmisher (level 3, 27/29 HPs)
             Began as a Demonspawn Fighter on July 16, 2020.
             Quit the game on level 1 of the Dungeon.
             The game lasted 00:00:26 (846 turns).

BritishOli the Skirmisher (Demonspawn Fighter)       Turns: 846, Time: 00:00:27

Health: 27/29      AC:  6    Str: 17    XL:     3   Next: 10%
Magic:  3/3        EV:  7    Int:  9    God:
Gold:   52         SH:  9    Dex: 12    Spells: 2/2 levels left

rFire    . . .     SeeInvis .   a - +0 long sword
rCold    . . .     Faith    .   c - +0 kite shield
rNeg     . . .     Spirit   +   b - +0 scale mail
rPois    .         Reflect  .   (no helmet)
rElec    .         Harm     .   (no cloak)
rCorr    .                      (no gloves)
MR       .....                  (no boots)
Stlth    ..........             (no amulet)
HPRegen  0.09/turn              (no ring)
MPRegen  0.08/turn              (no ring)

@: no status effects
A: talons 1, magic shield
a: no special abilities


You were on level 1 of the Dungeon.
You visited 1 branch of the dungeon, and saw 1 of its levels.

You collected 52 gold pieces.

Inventory:

Hand Weapons
 a - a +0 long sword (weapon)
Armour
 b - a +0 scale mail (worn)
 c - a +0 kite shield (worn)
Scrolls
 f - a scroll of fear {unknown}
 g - a scroll of teleportation {unknown}
Potions
 d - 2 potions of might
 e - a potion of magic {unknown}


   Skills:
 + Level 3.3 Fighting
 + Level 2.2 Long Blades
 + Level 3.0 Armour
 + Level 3.0 Shields


You had 2 spell levels left.
You didn't know any spells.
Your spell library was empty.

Dungeon Overview and Level Annotations

Branches:
Dungeon (1/15)

Altars:


Innate Abilities, Weirdness & Mutations

You have sharp toenails.
When hurt, damage is shared between your health and your magic reserves.


Message History

You hit the ooze.
The ooze is severely wounded.
You block the ooze's attack. The ooze hits you but does no damage.
An ooze is nearby!
You hit the ooze.
The ooze is severely wounded.
You block the ooze's attack.
An ooze is nearby!
You hit the ooze but do no damage.
The ooze is severely wounded.
The ooze hits you but does no damage.
An ooze is nearby!
You hit the ooze.
You kill the ooze!
You have reached level 3!
Your experience leads to an increase in your attributes!
Increase (S)trength, (I)ntelligence, or (D)exterity?
You feel stronger.
Your demonic ancestry asserts itself...
Your toenails lengthen and sharpen.
Are you sure you want to abandon this character and quit the game? (Confirm with "yes".)

######†..#
........)#
.#####...#
#.##
#..##########
...#
#...........#
#..#
#.#########.#
.#.###.# #.#
.......# #.#
##.##### #@#
#.# #.# #.#
#.# #.# #.#
#.# #.# ##.##
#.# #...##
#.# ...#.#
#.# #.#.##
##.##


There were no monsters in sight!

Vanquished Creatures
  An ooze (D:1)
  3 bats (D:1)
  A giant cockroach (D:1)
  3 goblins (D:1)
  7 hobgoblins (D:1)
  3 jackals (D:1)
  A frilled lizard (D:1)
  3 kobolds (D:1)
  2 rats (D:1)
24 creatures vanquished.

Notes
Turn   | Place    | Note
-------+----------+-------------------------------------------
     0 | D:1      | BritishOli the Demonspawn Fighter began the quest for the
                  | Orb.
     0 | D:1      | Reached XP level 1. HP: 18/18 MP: 1/1
    24 | D:1      | Gained mutation: When hurt, damage is shared between your
                  | health and your magic reserves. [demonic ancestry]
    24 | D:1      | Reached XP level 2. HP: 14/24 MP: 2/2
   845 | D:1      | Gained mutation: You have sharp toenails. [demonic
                  | ancestry]
   845 | D:1      | Reached XP level 3. HP: 27/29 MP: 3/3
   846 | D:1      | Quit the game

Illustrated notes

Levels and vault maps discovered:
D:1:      wander_arrival_peaceful_grave, layout_loops_ring

Skill      XL: |  1  2 |
---------------+-------+-----
Long Blades    | 2 |  2.2
Armour         | 3 |  3.0
Shields        | 3 |  3.0
Fighting       | |  3.3

Action                   || total
-------------------------++-------
Melee: Long sword        ||    69
Armor: Scale mail        ||    36
Dodge: Dodged            ||    18
Block: Kite shield       ||    34
       Rpst.: Long sword ||     5

Table legend:
 A = Non-vault XP
 B = Vault XP
 C = Vault XP percentage of total XP
 D = Non-vault monster count
 E = Vault monster count
 F = Vault count percentage of total count
                 A         B        C        D         E       F
            +---------+---------+-------+---------+---------+-------
      Total |      47 |       0 |   0.0 |      24 |       0 |   0.0
            +---------+---------+-------+---------+---------+-------
        D:1 |      47 |       0 |   0.0 |      24 |       0 |   0.0
            +---------+---------+-------+---------+---------+-------
